cohdb
Replays
Latest Replays
All Replays
Popular Replays
Top Player Replays
Match Explorer
How It Works
Community
CoH3 Stats
Reddit
Sign in to upload your games and track your stats! →
Sign in with Steam
Match 38905201
Unlisted
Match 38905201
Overview
Messages
Build Orders
End
Panzergrenadier Squad
Selects Italian Infantry
250 Light Carrier
Panzergrenadier Squad
Construct Light Support Kompanie
2.5-tonne Medical Truck
Panzerjäger Squad
Fire Support Elements
Veteran Squad Leaders
Selects Guastatori Squad
Guastatori Squad
Construct Panzerarmee Kommand
Panzer III L Medium Tank
Selects Registered Artillery
Selects Defensive Operations
Panzer III L Medium Tank
Selects Prepared Positions
2.5-tonne Medical Truck
Walking Stuka Rocket Launcher
Xeravex
Mage
Catharsis
jackliushanghai
gghhhjjkkll
ESAD
SneaKerz
gb_gbg
0
0
Comments
sign in to comment!
No comments posted yet!